 Dungeon Crawl Stone Soup version 0.23-a0-839-g6d2b917 (webtiles) character file.

688 tidbits the Twirler (level 7, 56/56 HPs)
             Began as a Gnoll Wanderer on Jan 25, 2019.
             Quit the game in the Ecumenical Temple.
             The game lasted 00:14:25 (1279 turns).

tidbits the Twirler (Gnoll Wanderer)                Turns: 1279, Time: 00:14:26

Health: 56/56      AC:  6    Str: 13    XL:     7   Next: 63%
Magic:  10/10      EV: 11    Int: 17    God:
Gold:   41         SH:  0    Dex: 15    Spells: 11/11 levels left

rFire    . . .     SeeInvis .   a - +2 quarterstaff
rCold    . . .     Gourm    .   (shield currently unavailable)
rNeg     . . .     Faith    .   B - +0 ring mail
rPois    .         Spirit   .   (no helmet)
rElec    .         Reflect  .   C - +0 cloak (curse)
rCorr    .         Harm     .   (no gloves)
MR       .....                  (no boots)
Stlth    ++........             (no amulet)
HPRegen  0.18/turn              W - ring of wizardry
MPRegen  0.12/turn              (no ring)

@: no status effects
A: distributed training, fangs 1, strong nose
a: no special abilities


You were in the Ecumenical Temple.
You were full.

You visited 2 branches of the dungeon, and saw 7 of its levels.
You also visited: Ossuary.

You collected 41 gold pieces.

Inventory:

Hand Weapons
 a - a +2 quarterstaff (weapon)
 m - a +0 dagger
 o - a +0 spear of venom
   (You took it off a gnoll on level 3 of the Dungeon)
 u - a +0 morningstar
 x - a +0 hand axe of chopping
   (You found it on level 6 of the Dungeon)
Missiles
 d - 40 bolts
 i - 5 tomahawks (quivered)
 k - 57 sling bullets
 l - 8 javelins
 q - 16 arrows
Armour
 b - a +0 robe
 n - a +2 robe
 B - a +0 ring mail (worn)
 C - a cursed +0 cloak (worn)
Magical Staves
 j - an uncursed staff of summoning {unknown}
   (You found it on level 2 of the Dungeon)
Jewellery
 W - a ring of wizardry (left hand)
   (You found it on level 2 of the Dungeon)
Wands
 p - a wand of iceblast (4)
 r - a wand of scattershot (4)
 w - a wand of flame (15)
Scrolls
 f - 2 scrolls of fog {unknown}
 g - 4 scrolls of amnesia {unknown}
 s - 3 scrolls of identify {unknown}
 t - 2 scrolls of teleportation
 v - a scroll of brand weapon {unknown}
 y - a scroll of fear {unknown}
Potions
 e - 2 potions of heal wounds
 h - a potion of ambrosia
 z - a potion of mutation {unknown}
 A - 2 potions of lignification {unknown}
 D - 2 potions of curing {unknown}
Comestibles
 c - 5 rations


   Skills:
 + Level 5.3 Fighting
 + Level 2.5 Short Blades
 + Level 2.5 Long Blades
 + Level 2.5 Axes
 + Level 2.5 Maces & Flails
 + Level 2.5 Polearms
 + Level 7.1 Staves
 + Level 2.5 Slings
 + Level 2.5 Bows
 + Level 2.5 Crossbows
 + Level 3.7 Throwing
 + Level 2.5 Armour
 + Level 2.5 Dodging
 + Level 3.5 Stealth
 + Level 2.5 Shields
 + Level 2.5 Unarmed Combat
 + Level 2.5 Spellcasting
 + Level 2.1 Conjurations
 + Level 2.1 Hexes
 + Level 3.0 Charms
 + Level 2.1 Summonings
 + Level 2.1 Necromancy
 + Level 2.1 Translocations
 + Level 2.1 Transmutations
 + Level 2.1 Fire Magic
 + Level 2.1 Ice Magic
 + Level 4.3 Air Magic
 + Level 2.1 Earth Magic
 + Level 2.1 Poison Magic
 + Level 2.8 Invocations
 + Level 2.5 Evocations


You had 11 spell levels left.
You didn't know any spells.
Your spell library was empty.

Dungeon Overview and Level Annotations

Branches:
Dungeon (6/15)             Temple (1/1) D:6

Altars:
Dithmenos
Elyvilon
Gozag
Qazlal
Ru
Vehumet
Wu Jian
Xom
Zin


Innate Abilities, Weirdness & Mutations

Your experience applies equally to all skills.
You have very sharp teeth.
Your uncanny sense of smell can sniff out nearby items.


Message History

You hit the orc zombie.
You destroy the orc zombie!
The kobold zombie hits you but does no damage.
You thump the kobold zombie!
You destroy the kobold zombie!
You hit the hobgoblin zombie but do no damage.
The hobgoblin zombie barely misses you.
You barely miss the hobgoblin zombie.
You bite the hobgoblin zombie, but do no damage.
The hobgoblin zombie hits you but does no damage.
The hobgoblin zombie hits you.
You hit the hobgoblin zombie.
The hobgoblin zombie is moderately damaged.
The hobgoblin zombie hits you.
You hit the hobgoblin zombie.
The hobgoblin zombie is almost destroyed.
The hobgoblin zombie closely misses you.
You hit the hobgoblin zombie.
You destroy the hobgoblin zombie!
The hobgoblin zombie hits you but does no damage.
You barely miss the hobgoblin zombie. You sock the hobgoblin zombie!
You destroy the hobgoblin zombie!
No target in view!
No target in view!
A hobgoblin zombie comes into view.
Unknown command.
The hobgoblin zombie misses you.
You thump the hobgoblin zombie!
You destroy the hobgoblin zombie!
No target in view!
An orc zombie comes into view.
A kobold zombie comes into view.
A hobgoblin zombie comes into view.
A kobold zombie comes into view.
A kobold zombie comes into view.
The orc zombie hits you but does no damage.
You hit the orc zombie.
The orc zombie is heavily damaged.
The orc zombie barely misses you.
You hit the orc zombie.
The orc zombie is severely damaged.
The hobgoblin zombie hits you but does no damage.
You thump the orc zombie!
You destroy the orc zombie!
You sock the hobgoblin zombie!
You destroy the hobgoblin zombie!
You hit the kobold zombie but do no damage.
The kobold zombie hits you.
You hit the kobold zombie.
The kobold zombie is heavily damaged.
The kobold zombie closely misses you.
You completely miss the kobold zombie. You bite the kobold zombie.
The kobold zombie is heavily damaged.
You completely miss the kobold zombie.
The kobold zombie is heavily damaged.
The kobold zombie misses you.
You sock the kobold zombie!
You destroy the kobold zombie!
The kobold zombie closely misses you.
You sock the kobold zombie!
You destroy the kobold zombie!
You barely miss the kobold zombie. The kobold zombie barely misses you.
You sock the kobold zombie!
You destroy the kobold zombie!
Found a gate leading back out of this place.
Unknown command.
Unknown command.
Unknown command.
An orc zombie comes into view.
Found 2 scrolls labeled YSHROE XICEF.
Found 2 yellow potions.
Found a metallic dark potion and 2 murky blue potions.
You see here 2 scrolls labeled YSHROE XICEF.
g - 4 scrolls labeled YSHROE XICEF (gained 2)
You see here a metallic dark potion.
z - a metallic dark potion You see here 2 murky blue potions.
A - 2 murky blue potions You see here a yellow potion.
D - a yellow potion You see here a yellow potion.
D - 2 yellow potions (gained 1) Unknown command.
A mummy comes into view.
There is a gate leading back out of this place here.
Unknown command.
Welcome back to the Dungeon!
There is a collapsed entrance here.
Unknown command.
Unknown command.
There is an open door here.
Found 7 gold pieces.
You see here a scroll labeled WEWKIE OHUAV.
y - a scroll labeled WEWKIE OHUAV
There is a staircase to the Ecumenical Temple here.
You climb downwards.
Welcome back to the Ecumenical Temple!
There is a staircase back to the Dungeon here.
Unknown command.
Are you sure you want to abandon this character and quit the game? (Confirm with "yes".)

#####........<........########
########...######## ##...##
##.....## ##...⌠...##
##.........## #...........##
#..._....._...##
#..........@....#
###....._.....###
####.....#### #######


There were no monsters in sight!

Vanquished Creatures
  2 ogres (D:5)
  A bullfrog (D:6)
  A jelly (D:5)
  A crimson imp (D:5)
  A centaur skeleton (D:3)
  An orc priest (D:5)
  Jessica (D:3)
  An iguana (D:5)
  Ijyb (D:3)
  An orc wizard (D:5)
  Terence (D:3)
  2 worker ants (D:5)
  A howler monkey zombie (D:6)
  A gnoll (D:3)
  3 adders
  2 oozes (D:3)
  5 worms
  4 dart slugs
  3 leopard geckos
  5 orcs (D:5)
  9 bats
  4 giant cockroaches
  4 goblins
  3 hobgoblins
  9 jackals
  A quokka (D:3)
  A ball python (D:5)
  6 frilled lizards
  6 hobgoblin zombies (Ossuary)
  5 kobolds
  7 kobold zombies (Ossuary)
  2 orc zombies (Ossuary)
  A quokka skeleton (D:5)
  3 rats
99 creatures vanquished.

Notes
Turn   | Place    | Note
-------+----------+-------------------------------------------
     0 | D:1      | tidbits the Gnoll Wanderer began the quest for the Orb.
     0 | D:1      | tidbits set off with the following items: a +2
                  | quarterstaff, a scroll of teleportation, a +0 robe, a
                  | ration
     0 | D:1      | Reached XP level 1. HP: 20/20 MP: 1/1
    60 | D:2      | Reached skill level 2 in Charms
    61 | D:2      | Reached XP level 2. HP: 26/26 MP: 2/2
   199 | D:2      | Reached XP level 3. HP: 17/31 MP: 3/3
   345 | D:3      | Reached skill level 1 in Short Blades
   345 | D:3      | Reached skill level 1 in Long Blades
   345 | D:3      | Reached skill level 1 in Axes
   345 | D:3      | Reached skill level 1 in Maces & Flails
   345 | D:3      | Reached skill level 1 in Polearms
   345 | D:3      | Reached skill level 1 in Slings
   345 | D:3      | Reached skill level 1 in Bows
   345 | D:3      | Reached skill level 1 in Crossbows
   345 | D:3      | Reached skill level 1 in Armour
   345 | D:3      | Reached skill level 1 in Dodging
   345 | D:3      | Reached skill level 1 in Shields
   345 | D:3      | Reached skill level 1 in Unarmed Combat
   345 | D:3      | Reached skill level 1 in Spellcasting
   345 | D:3      | Reached skill level 1 in Invocations
   345 | D:3      | Reached skill level 1 in Evocations
   345 | D:3      | Reached XP level 4. HP: 27/38 MP: 3/5
   398 | D:3      | Noticed Terence
   407 | D:3      | Killed Terence
   407 | D:3      | Reached skill level 1 in Conjurations
   407 | D:3      | Reached skill level 1 in Hexes
   407 | D:3      | Reached skill level 1 in Summonings
   407 | D:3      | Reached skill level 1 in Necromancy
   407 | D:3      | Reached skill level 1 in Translocations
   407 | D:3      | Reached skill level 1 in Transmutations
   407 | D:3      | Reached skill level 1 in Fire Magic
   407 | D:3      | Reached skill level 1 in Ice Magic
   407 | D:3      | Reached skill level 1 in Earth Magic
   407 | D:3      | Reached skill level 1 in Poison Magic
   456 | D:3      | Noticed Jessica
   470 | D:3      | Killed Jessica
   470 | D:3      | Reached XP level 5. HP: 27/43 MP: 5/7
   556 | D:3      | Noticed Ijyb
   589 | D:3      | Killed Ijyb
   589 | D:3      | Reached skill level 3 in Throwing
   589 | D:3      | Reached skill level 4 in Air Magic
   650 | D:5      | Entered Level 5 of the Dungeon
   667 | D:5      | Noticed an ogre
   675 | D:5      | Killed an ogre
   675 | D:5      | Reached skill level 3 in Stealth
   675 | D:5      | Reached skill level 2 in Invocations
   675 | D:5      | Reached XP level 6. HP: 44/50 MP: 8/8
   708 | D:5      | Reached skill level 5 in Fighting
   724 | D:5      | Reached skill level 2 in Short Blades
   724 | D:5      | Reached skill level 2 in Long Blades
   724 | D:5      | Reached skill level 2 in Axes
   724 | D:5      | Reached skill level 2 in Maces & Flails
   724 | D:5      | Reached skill level 2 in Polearms
   724 | D:5      | Reached skill level 2 in Slings
   724 | D:5      | Reached skill level 2 in Bows
   724 | D:5      | Reached skill level 2 in Crossbows
   724 | D:5      | Reached skill level 2 in Armour
   724 | D:5      | Reached skill level 2 in Dodging
   724 | D:5      | Reached skill level 2 in Shields
   724 | D:5      | Reached skill level 2 in Unarmed Combat
   724 | D:5      | Reached skill level 2 in Spellcasting
   724 | D:5      | Reached skill level 2 in Evocations
   850 | D:5      | Reached XP level 7. HP: 36/56 MP: 10/10
   873 | D:5      | Reached skill level 7 in Staves
   938 | D:5      | Reached skill level 2 in Conjurations
   938 | D:5      | Reached skill level 2 in Hexes
   938 | D:5      | Reached skill level 2 in Summonings
   938 | D:5      | Reached skill level 2 in Necromancy
   938 | D:5      | Reached skill level 2 in Translocations
   938 | D:5      | Reached skill level 2 in Transmutations
   938 | D:5      | Reached skill level 2 in Fire Magic
   938 | D:5      | Reached skill level 2 in Ice Magic
   938 | D:5      | Reached skill level 2 in Earth Magic
   938 | D:5      | Reached skill level 2 in Poison Magic
  1039 | D:6      | Reached skill level 3 in Charms
  1065 | D:6      | Found a staircase to the Ecumenical Temple.
  1074 | Temple   | Entered the Ecumenical Temple
  1129 | D:6      | Found a sand-covered staircase.
  1133 | Ossuary  | Entered an ossuary
  1279 | Temple   | Quit the game

Vault maps used:
D:1:      lemuel_arrival_broad_hall
D:3:      uniq_ijyb, uniq_terence, uniq_jessica
D:4:      minmay_spotlight, lightli_minifort, uniq_natasha
D:5:      first_ration, hangedman_decor_lopped, minmay_misc_feat_tiny
D:6:      minmay_temple_entry_mini_moons, nicolae_ossuary_entry_plus
Temple:   dpeg_three_leaves_temple
Ossuary:  ossuary_tomb_1

Skill      XL: |  1  2  3  4  5  6  7 |
---------------+----------------------+-----
Charms         | 2 3 |  3.0
Short Blades   | 1 2 |  2.5
Long Blades    | 1 2 |  2.5
Axes           | 1 2 |  2.5
Maces & Flails | 1 2 |  2.5
Polearms       | 1 2 |  2.5
Slings         | 1 2 |  2.5
Bows           | 1 2 |  2.5
Crossbows      | 1 2 |  2.5
Armour         | 1 2 |  2.5
Dodging        | 1 2 |  2.5
Shields        | 1 2 |  2.5
Unarmed Combat | 1 2 |  2.5
Spellcasting   | 1 2 |  2.5
Invocations    | 1 2 |  2.8
Evocations     | 1 2 |  2.5
Conjurations   | 1 2 |  2.1
Hexes          | 1 2 |  2.1
Summonings     | 1 2 |  2.1
Necromancy     | 1 2 |  2.1
Translocations | 1 2 |  2.1
Transmutations | 1 2 |  2.1
Fire Magic     | 1 2 |  2.1
Ice Magic      | 1 2 |  2.1
Earth Magic    | 1 2 |  2.1
Poison Magic   | 1 2 |  2.1
Throwing       | 3 |  3.7
Air Magic      | 4 |  4.3
Stealth        | 3 |  3.5
Fighting       | 5 |  5.3
Staves         | 7 |  7.1

Action                   |  1- 3 |  4- 6 |  7- 9 || total
-------------------------+-------+-------+-------++-------
Melee: Quarterstaff      |    55 |   111 |   103 ||   269
       Bite              |     6 |    11 |     6 ||    23
Throw: Tomahawk          |     4 |    27 |     3 ||    34
       Javelin           |       |     1 |       ||     1
Evoke: Wand              |       |       |     2 ||     2
  Use: Potion            |       |     2 |     2 ||     4
 Stab: Sleeping          |     2 |       |       ||     2
  Eat: Ration            |       |     1 |     1 ||     2
Armor: Robe              |     1 |       |       ||     1
       Ring mail         |    37 |    25 |    47 ||   109
Dodge: Dodged            |    40 |    66 |    70 ||   176

Table legend:
 A = Non-vault XP
 B = Vault XP
 C = Vault XP percentage of total XP
 D = Non-vault monster count
 E = Vault monster count
 F = Vault count percentage of total count
                 A         B        C        D         E       F
            +---------+---------+-------+---------+---------+-------
      Total |     864 |     120 |  12.2 |      81 |      18 |  18.2
            +---------+---------+-------+---------+---------+-------
        D:1 |       2 |       0 |   0.0 |       2 |       0 |   0.0
        D:2 |      38 |       0 |   0.0 |      20 |       0 |   0.0
        D:3 |     130 |     105 |  44.7 |      30 |       3 |   9.1
        D:5 |     574 |       0 |   0.0 |      26 |       0 |   0.0
        D:6 |     120 |       0 |   0.0 |       3 |       0 |   0.0
    Ossuary |       0 |      15 | 100.0 |       0 |      15 | 100.0
            +---------+---------+-------+---------+---------+-------

Table legend:
 A = Turns spent in this place as a percentage of turns spent in the entire game.
 B = Non-inter-level travel turns spent in this place as a percentage of non-inter-level travel turns spent in the entire game.
 C = Inter-level travel turns spent in this place as a percentage of turns spent in this place.
 D = Turns resting spent in this place as a percentage of non-inter-level travel turns spent in this place.
 E = Turns spent auto-exploring this place as a percentage of non-inter-level travel turns spent in this place.
 F = Non-inter-level travel turns spent in this place divided by the number of levels of this place that you've seen.
                   A       B       C       D       E      F
               +-------+-------+-------+-------+-------+----------------------
         Total | 100.0 | 100.0 |   0.0 |   0.0 |   0.0 | 159.9
       Dungeon |  88.6 |  88.6 |   0.0 |   0.0 |   0.0 | 188.8
        Temple |   3.7 |   3.7 |   0.0 |   0.0 |   0.0 |  47.0
       Ossuary |   7.7 |   7.7 |   0.0 |   0.0 |   0.0 |  99.0
               +-------+-------+-------+-------+-------+----------------------

Table legend:
 A = Kills in this place as a percentage of kills in entire the game.
 B = Kills by you in this place as a percentage of kills by you in the entire game.
 C = Kills by friends in this place as a percentage of kills by friends in the entire game.
 D = Other kills in this place as a percentage of other kills in the entire game.
 E = Experience gained in this place as a percentage of experience gained in the entire game.
 F = Experience gained in this place divided by the number of levels of this place that you have seen.
                   A       B       C       D       E      F
               +-------+-------+-------+-------+-------+----------------------
         Total | 100.0 | 100.0 |   N/A |   N/A | 100.0 | 123.0
       Dungeon |  84.8 |  84.8 |   N/A |   N/A |  98.5 | 161.5
       Ossuary |  15.2 |  15.2 |   N/A |   N/A |   1.5 |  15.0
               +-------+-------+-------+-------+-------+----------------------

Vault maps used:
D:1:      lemuel_arrival_broad_hall
D:3:      uniq_ijyb, uniq_terence, uniq_jessica
D:4:      minmay_spotlight, lightli_minifort, uniq_natasha
D:5:      first_ration, hangedman_decor_lopped, minmay_misc_feat_tiny
D:6:      minmay_temple_entry_mini_moons, nicolae_ossuary_entry_plus
Temple:   dpeg_three_leaves_temple
Ossuary:  ossuary_tomb_1
